 Dungeon Crawl Stone Soup version 0.18-a0-29-gce27f3c (webtiles) character file.

3685 Duffy the Cruncher (level 9, 0/70 (72) HPs)
             Began as a Centaur Monk on Nov 4, 2015.
             Was a Priest of Makhleb.
             Slain by a killer bee (2 damage)
             ... on level 9 of the Dungeon.
             The game lasted 00:12:57 (10333 turns).

Duffy the Cruncher (Centaur Monk)                  Turns: 10333, Time: 00:12:57

HP:   0/70 (72)     AC: 10    Str: 14    XL:     9   Next: 90%
MP:   0/10          EV: 10    Int:  8    God:    Makhleb [***...]
Gold: 489           SH:  0    Dex: 14    Spells: 2 memorised, 4 levels left

rFire  . . .     SeeInvis .     b - +0 quarterstaff
rCold  + . .     Clarity  .     F - +0 troll leather armour
rNeg   + . .     SustAt   .     (shield currently unavailable)
rPois  .         Gourm    .     E - +0 helmet
rElec  .         Spirit   +     (no cloak)
rCorr  .         Warding  .     (no gloves)
rMut   .         Stasis   .     (no barding)
MR     .....                    B - amulet of Cierryfa {Spirit rC+ rN+ Int-2}
Stlth  +.........               e - +4 ring of protection
                                D - ring of wizardry

@: lethally poisoned (0 -> -2), invisible, very quick, not resistant to hostile
enchantments, very unstealthy
A: hooves 3, deformed body, speed 2, tough skin 3
a: Minor Destruction, Lesser Servant of Makhleb, Renounce Religion


You were on level 9 of the Dungeon.
You worshipped Makhleb.
Makhleb was most pleased with you.
You were not hungry.

You visited 1 branch of the dungeon, and saw 9 of its levels.

You collected 489 gold pieces.


Innate Abilities, Weirdness & Mutations

You have hooves in place of feet.
Armour fits poorly on your strangely shaped body.
You cover ground very quickly.
You have extremely tough skin (AC +3).


   Skills:
 + Level 4.7 Fighting
 - Level 12.0 Staves
 - Level 2.4 Dodging
 - Level 1.2 Stealth
 - Level 4.0 Unarmed Combat
 + Level 2.1 Evocations


You had 4 spell levels left.
You knew the following spells:

 Your Spells              Type           Power        Failure   Level  Hunger
a - Apportation           Tloc           #.........   28%         1    ##.....
r - Regeneration          Chrm/Necr      #.........   78%         3    ####...

Inventory:

Hand Weapons
 a - a +0 blowgun
 b - a +0 quarterstaff (weapon)
Missiles
 g - 6 tomahawks (quivered)
 p - 34 poisoned needles
Armour
 h - a +0 ring mail
 l - a +0 chain mail
 r - a +0 scale mail
 v - a +0 robe
 A - a +3 leather armour of magic resistance
 E - a +0 helmet (worn)
 F - a +0 troll leather armour (worn)
Jewellery
 e - a +4 ring of protection (right hand)
 m - an uncursed ring of invisibility
 B - the amulet of Cierryfa (around neck) {Spirit rC+ rN+ Int-2}

   [amulet of guardian spirit]

   It causes incoming damage to be split between your health and magic.
   It affects your intelligence (-2).
   It protects you from cold.
   It protects you from negative energy.
 D - a ring of wizardry (left hand)
Wands
 y - a wand of polymorph (19)
 K - a wand of fire (11)
 L - a wand of fire (4)
Scrolls
 d - 2 scrolls of recharging {unknown}
 j - 2 scrolls of blinking
 k - 3 scrolls of teleportation
 n - a scroll of fog {unknown}
 s - 3 scrolls of remove curse
 t - a scroll of enchant armour
 u - a scroll of noise {unknown}
 w - 2 scrolls of magic mapping {unknown}
 M - a scroll of immolation {unknown}
Potions
 c - a potion of ambrosia {unknown}
 o - 2 potions of magic
 x - 3 potions of agility
 H - a potion of curing {unknown}
 I - 2 potions of brilliance
 J - 2 potions of cancellation {unknown}
Comestibles
 f - a slice of pizza
 i - 4 meat rations
 q - 8 bread rations
 z - 6 fruits
 G - 2 chunks of flesh

Dungeon Overview and Level Annotations

Branches:
Dungeon (9/15)             Temple (0/1) D:7
   Lair: D:8-11         Orc: D:9-12

Altars:
Ashenzari
Dithmenos
Fedhas
Gozag
Makhleb
Nemelex Xobeh
Qazlal
Ru
Sif Muna
Vehumet
Xom
Yredelemnul

Shops:
D:5 (

Annotations:
D:2 exclusion: oklob plant


Message History

You feel sick. The killer bee misses you. The killer bee stings you.
You are more poisoned.
The killer bee poisons you!
You feel sick.
The killer bee stings you but does no damage.
The killer bee stings you.
You feel sick.
You feel sick. The killer bee closely misses you.
You feel sick.
You feel sick.
The killer bee stings you but does no damage.
You feel sick.
You feel sick. The killer bee stings you.
You feel sick.
You feel sick. The killer bee misses you.
You feel sick.
You feel sick. The killer bee stings you!
You are more poisoned.
The killer bee poisons you!
You feel sick.
There is a stone staircase leading down here.
You feel sick. The killer bee stings you.
The killer bee stings you but does no damage.
The killer bee stings you.
The killer bee stings you but does no damage.
The killer bee stings you.
You climb downwards.
You feel sick.
Found a short sword and a rapier.
There is a stone staircase leading up here.
Drink which item? (? for menu, Esc to quit)
You fade into invisibility!
You feel sick. The killer bee barely misses you. The killer bee stings you.
You die...

.........# .#
.........# ..#
.........# ....
#........##...#
#.............#
#.............#
#......yy.....#
#.....)@#
#.).....#
........#
...####.# #.
#.# # #.# #.#
#.#


You could see 2 killer bees.

Action                   |  1- 3 |  4- 6 |  7- 9 || total
-------------------------+-------+-------+-------++-------
Melee: Unarmed           |    56 |       |       ||    56
       Quarterstaff      |    63 |   203 |   566 ||   832
 Fire: Blowgun           |       |     3 |    14 ||    17
  Use: Scroll            |     3 |     4 |     5 ||    12
       Potion            |       |       |     3 ||     3
  Eat: Chunk             |     2 |    10 |    14 ||    26

Notes
Turn   | Place    | Note
--------------------------------------------------------------
     0 | D:1      | Duffy the Centaur Monk began the quest for the Orb.
     0 | D:1      | Reached XP level 1. HP: 19/19 MP: 1/1
   468 | D:1      | Reached XP level 2. HP: 26/26 MP: 2/2
  1013 | D:2      | Found an opulent altar of Gozag.
  1013 | D:2      | Found a shattered altar of Ashenzari.
  1171 | D:2      | Reached XP level 3. HP: 28/33 MP: 3/3
  1301 | D:2      | Found a blossoming altar of Fedhas.
  1338 | D:3      | Reached skill level 1 in Staves
  1602 | D:2      | Noticed an oklob plant
  1705 | D:2      | Reached skill level 2 in Staves
  2222 | D:2      | Reached XP level 4. HP: 38/40 MP: 4/4
  2419 | D:2      | Found a radiant altar of Vehumet.
  2977 | D:3      | Reached skill level 3 in Staves
  3015 | D:3      | Reached XP level 5. HP: 46/46 MP: 5/5
  3241 | D:3      | Found a deep blue altar of Sif Muna.
  3278 | D:3      | Found a sparkling altar of Nemelex Xobeh.
  3357 | D:3      | Reached skill level 4 in Staves
  3873 | D:4      | Found a stormy altar of Qazlal.
  3951 | D:4      | Found a shimmering altar of Xom.
  4096 | D:4      | Got a transparent steel amulet
  4097 | D:4      | Identified the amulet of Cierryfa {Spirit rC+ rN+ Int-2} (You found it on level 4 of the Dungeon)
  4525 | D:4      | Reached XP level 6. HP: 46/52 MP: 6/6
  5143 | D:5      | Entered Level 5 of the Dungeon
  5205 | D:5      | Reached skill level 5 in Staves
  5271 | D:5      | Found Ahiucics's Antique Weapon Boutique.
  5575 | D:5      | Reached skill level 6 in Staves
  5575 | D:5      | Reached XP level 7. HP: 35/58 MP: 3/7
  6095 | D:5      | Reached skill level 7 in Staves
  6625 | D:5      | Noticed Eustachio
  6701 | D:5      | Found a blossoming altar of Fedhas.
  6711 | D:5      | You fall through a shaft!
  6711 | D:6      | Noticed a troll
  6734 | D:6      | Found a burning altar of Makhleb.
  6850 | D:6      | Noticed Edmund
  6881 | D:6      | Killed Edmund
  6881 | D:6      | Reached skill level 8 in Staves
  6881 | D:6      | Reached XP level 8. HP: 20/66 MP: 2/8
  7141 | D:5      | Killed Eustachio
  7686 | D:6      | Reached skill level 9 in Staves
  7969 | D:6      | Killed a troll
  7969 | D:6      | Reached skill level 10 in Staves
  8167 | D:6      | Became a worshipper of Makhleb the Destroyer
  8167 | D:6      | Reached * piety under Makhleb
  8167 | D:6      | Reached ** piety under Makhleb
  8260 | D:6      | Reached XP level 9. HP: 69/69 MP: 9/9
  8488 | D:6      | Found a basalt altar of Yredelemnul.
  8653 | D:6      | Learned a level 1 spell: Apportation
  8724 | D:6      | Reached skill level 11 in Staves
  9067 | D:7      | Found a staircase to the Ecumenical Temple.
  9143 | D:7      | Found a shadowy altar of Dithmenos.
  9492 | D:7      | Reached *** piety under Makhleb
  9630 | D:7      | Found a sacrificial altar of Ru.
 10052 | D:8      | Reached skill level 12 in Staves
 10105 | D:8      | Reached skill level 4 in Fighting
 10137 | D:8      | Reached skill level 1 in Evocations
 10218 | D:8      | Reached skill level 2 in Evocations
 10290 | D:8      | Learned a level 3 spell: Regeneration
 10333 | D:9      | Slain by a killer bee

Vault maps used:
D:1:      dpeg_arrival_arbitrary_c, hangedman_decor_peaks_small,
          minmay_misc_feat_x
D:2:      lemuel_round_altar, gammafunk_temple_overflow_wave, tgw_fedhas
D:3:      marbit_many_paths, first_bread, nemelex_diamond_rough_becter
D:4:      grunt_qazlal_sundering, xom_teletrap_fun
D:5:      nicolae_overflow_hidden_temple, serial_shops,
          nicolae_shop_behind_doors, uniq_eustachio
D:6:      yredelemnul_forgotten_temple_becter,
          lightli_ossuary_entry_decrepit_ruins, fountainhead,
          kb_lookout_dungeons_type, makhleb_blood_cavern_becter, uniq_edmund
D:7:      kennysheep_little_box, nicolae_dithmenos_shadow_blocks,
          minmay_temple_entry_purple_smoke
D:8:      overflow_temple_1_default, bloody_trog,
          hangedman_little_slice_of_home, minivault_24, st_stairs_10
D:9:      nemelex_deck, david_lair_generic, orc_0_dummy, hangedman_minor_magic

Vanquished Creatures
  A troll
  A two-headed ogre Eustachio
  A hippogriff Edmund
  A soldier ant
  2 ice beasts
  2 ogres
  An orc warrior
  A necrophage
  2 big kobolds
  2 centaurs
  5 giant frogs
  A wyvern skeleton
  2 scorpions
  7 killer bees
  A jelly
  3 crimson imps
  2 giant frog zombies
  3 hounds
  2 giant frog skeletons
  6 orc wizards
  5 iguanas
  3 orc priests
  6 worker ants
  A hound zombie
  A hound skeleton
  A worker ant zombie
  5 gnolls
  2 shadow imps
  11 adders
  An ooze
  An adder zombie
  2 worms
  5 giant geckos
  18 orcs
  2 ball pythons
  3 bats
  9 giant cockroaches
  3 goblins
  3 hobgoblins
  7 jackals
  4 quokkas
  A ball python skeleton
  A giant gecko skeleton
  3 giant newts
  12 kobolds
  A quokka skeleton
  8 rats
  A spectral orc
  A bush
  7 toadstools
176 creatures vanquished.
